| TOP OF THE 1ST |
|
Colorado Rockies batting - Pitching for New York Mets : LHP Ryan Price
|
|
Pitching: LHP Ryan Price
|
|
|
Batting: RHB Juan Figueroa
|
0-0: Ball 1-0: Called Strike 1-1: Ball 2-1: Ball 3-1: Base on Balls
|
|
Batting: RHB Matviy Oliynyk
|
0-0: Swinging Strike 0-1: Swinging Strike 0-2: Ball 1-2: Strikes out swinging
|
|
Batting: RHB Eduardo Camacho
|
0-0: Called Strike Juan Figueroa steals 2nd base 0-1: Swinging Strike 0-2: Ball 1-2: Ground out 4-3 (Groundball, 4M, EV 83.1 MPH) Juan Figueroa to third
|
|
Batting: RHB Maurice Moore
|
0-0: Called Strike 0-1: SINGLE (Line Drive, 89S, EV 105.0 MPH) Juan Figueroa scores
|
|
Batting: RHB Ryan Rinaldi
|
0-0: Called Strike 0-1: Ground out 4-3 (Groundball, 34S, EV 87.5 MPH)
|
| Top of the 1st over - 1 run, 1 hit, 0 errors, 1 left on base; Colorado 1 - New York 0 |
| BOTTOM OF THE 1ST |
|
New York Mets batting - Pitching for Colorado Rockies : RHP Davon Ware
|
|
Pitching: RHP Davon Ware
|
|
|
Batting: LHB Kevin Bellman
|
0-0: Called Strike 0-1: Foul Ball, location: 2F 0-2: Strikes out looking
|
|
Batting: LHB Chris Ringwood
|
0-0: Ball 1-0: Foul Ball, location: 2F 1-1: Swinging Strike 1-2: Ball 2-2: Strikes out swinging
|
|
Batting: SHB Sean Cook
|
0-0: Ball 1-0: Called Strike 1-1: Ball 2-1: Foul Ball, location: 2F 2-2: Foul Ball, location: 2F 2-2: Ball 3-2: Base on Balls
|
|
Batting: RHB Jeff Jank
|
0-0: Ball 1-0: Swinging Strike 1-1: Ball 2-1: SINGLE (Line Drive, 4D, EV 100.0 MPH) Sean Cook to second Runner from 2nd tries for 3rd, SAFE, throw by RF made to third
|
|
Batting: SHB Nelle van den Berg
|
0-0: Called Strike 0-1: Swinging Strike 0-2: Strikes out swinging
|
| Bottom of the 1st over - 0 runs, 1 hit, 0 errors, 2 left on base; Colorado 1 - New York 0 |
| TOP OF THE 2ND |
|
Colorado Rockies batting - Pitching for New York Mets : LHP Ryan Price
|
|
Batting: RHB John Boyer
|
0-0: SINGLE (Line Drive, 56, EV 110.6 MPH)
|
|
Batting: LHB Luke Coulter
|
0-0: Ball 1-0: Called Strike 1-1: Ball 2-1: Called Strike 2-2: Strikes out swinging
|
|
Batting: RHB Justin Williams
|
0-0: Called Strike 0-1: Called Strike 0-2: Strikes out looking
|
|
Batting: SHB Chris Besselman
|
0-0: Called Strike 0-1: Swinging Strike 0-2: Ball 1-2: Strikes out swinging
|
| Top of the 2nd over - 0 runs, 1 hit, 0 errors, 1 left on base; Colorado 1 - New York 0 |
| BOTTOM OF THE 2ND |
|
New York Mets batting - Pitching for Colorado Rockies : RHP Davon Ware
|
|
Batting: RHB Josh Jones
|
0-0: Ball 1-0: Called Strike 1-1: SINGLE (Line Drive, 4MD, EV 98.8 MPH)
|
|
Batting: SHB Luke Robbins
|
0-0: Ball 1-0: Ball 2-0: Swinging Strike 2-1: Ball 3-1: SINGLE (Flyball, 8RS, EV 93.8 MPH) Josh Jones to second
|
|
Batting: SHB Jason Larson
|
0-0: Ball 1-0: Called Strike 1-1: SINGLE (Groundball, 4MD, EV 100.6 MPH) Josh Jones to third Luke Robbins to second Runner from 3rd tries for Home, SAFE, throw by CF to home
|
|
Batting: RHB Mike Phillips
|
0-0: Bunted foul 0-1: Ball 1-1: Reached on error, E2 (Groundball, 2L, EV 43.8 MPH) Luke Robbins scores Jason Larson to third
|
|
Batting: LHB Kevin Bellman
|
0-0: Ball 1-0: Called Strike 1-1: Ball 2-1: Foul Ball, location: 2F 2-2: DOUBLE (Flyball, 8LXD, EV 92.5 MPH) Jason Larson scores Mike Phillips scores
|
|
Pitching: RHP Yasushi Osumi
|
|
|
Batting: LHB Chris Ringwood
|
0-0: Ground out 4-3 (Groundball, 4, EV 103.1 MPH) Kevin Bellman to third
|
|
Batting: SHB Sean Cook
|
0-0: Called Strike 0-1: Foul Ball, location: 2F 0-2: Ball 1-2: Foul Ball, location: 2F 1-2: 2-RUN HOME RUN (Flyball, 89XD, EV 112.5 MPH), Distance : 428 ft
|
|
Batting: RHB Jeff Jank
|
0-0: Ball 1-0: TRIPLE (Line Drive, 89XD, EV 103.8 MPH)
|
|
Batting: SHB Nelle van den Berg
|
0-0: Fly out, F7 (Flyball, 78S, EV 75.0 MPH)
|
|
Batting: RHB Josh Jones
|
0-0: Ball 1-0: Ball 2-0: Ground out U3 (Groundball, 3, EV 86.9 MPH)
|
| Bottom of the 2nd over - 6 runs, 6 hits, 1 error, 1 left on base; Colorado 1 - New York 6 |
| TOP OF THE 3RD |
|
Colorado Rockies batting - Pitching for New York Mets : LHP Ryan Price
|
|
Batting: RHB Juan Figueroa
|
0-0: Called Strike 0-1: Ball 1-1: Ball 2-1: Ball 3-1: Ground out 6-3 (Groundball, 6, EV 104.4 MPH)
|
|
Batting: RHB Matviy Oliynyk
|
0-0: Ground out 3-1 (Groundball, 34, EV 85.0 MPH)
|
|
Batting: RHB Eduardo Camacho
|
0-0: Ball 1-0: Ball 2-0: Ball 3-0: Base on Balls
|
|
Batting: RHB Maurice Moore
|
0-0: Ball 1-0: Ball Eduardo Camacho steals 2nd base 2-0: Foul Ball, location: 2F 2-1: Ball 3-1: Base on Balls
|
|
Batting: RHB Ryan Rinaldi
|
0-0: Called Strike 0-1: Called Strike 0-2: Strikes out looking
|
| Top of the 3rd over - 0 runs, 0 hits, 0 errors, 2 left on base; Colorado 1 - New York 6 |
| BOTTOM OF THE 3RD |
|
New York Mets batting - Pitching for Colorado Rockies : RHP Yasushi Osumi
|
|
Pitching: RHP Colin Lancey Jr.
|
|
|
Batting: SHB Luke Robbins
|
0-0: Ball 1-0: Ball 2-0: Ground out U3 (Groundball, 34, EV 85.0 MPH)
|
|
Batting: SHB Jason Larson
|
0-0: Ground out 6-3 (Groundball, 6S, EV 68.8 MPH)
|
|
Batting: RHB Mike Phillips
|
0-0: Foul Ball, location: 2F 0-1: Ball 1-1: Ball 2-1: Swinging Strike 2-2: Foul Ball, location: 2F 2-2: Ball 3-2: Foul Ball, location: 2F 3-2: Base on Balls
|
|
Batting: LHB Kevin Bellman
|
0-0: Called Strike 0-1: Ball 1-1: Ball 2-1: Foul Ball, location: 2F 2-2: Strikes out swinging
|
| Bottom of the 3rd over - 0 runs, 0 hits, 0 errors, 1 left on base; Colorado 1 - New York 6 |
| TOP OF THE 4TH |
|
Colorado Rockies batting - Pitching for New York Mets : LHP Ryan Price
|
|
Batting: RHB John Boyer
|
0-0: Called Strike 0-1: Ground out 5-3 (Groundball, 5, EV 78.8 MPH)
|
|
Batting: LHB Luke Coulter
|
0-0: Foul Ball, location: 2F 0-1: Foul Ball, location: 2F 0-2: Ball 1-2: Ball 2-2: Strikes out looking
|
|
Batting: RHB Justin Williams
|
0-0: Ground out 4-3 (Groundball, 4, EV 76.2 MPH)
|
| Top of the 4th over - 0 runs, 0 hits, 0 errors, 0 left on base; Colorado 1 - New York 6 |
| BOTTOM OF THE 4TH |
|
New York Mets batting - Pitching for Colorado Rockies : RHP Colin Lancey Jr.
|
|
Pitching: RHP Mike Clark
|
|
|
Batting: LHB Chris Ringwood
|
0-0: Swinging Strike 0-1: Ground out 3-1 (Groundball, 34, EV 105.0 MPH)
|
|
Batting: SHB Sean Cook
|
0-0: Ball 1-0: Called Strike 1-1: Foul Ball, location: 2F 1-2: Foul Ball, location: 2F 1-2: Ball 2-2: Ball 3-2: Foul Ball, location: 2F 3-2: Foul Ball, location: 2F 3-2: Base on Balls
|
|
Batting: SHB Roberto Magne
|
0-0: Called Strike 0-1: Ball 1-1: Ball 2-1: Ball Sean Cook steals 2nd base 3-1: Ground out 4-3 (Groundball, 34D, EV 95.0 MPH) Sean Cook to third
|
|
Batting: SHB Nelle van den Berg
|
0-0: Called Strike 0-1: Ball 1-1: DOUBLE (Line Drive, 89XD, EV 103.8 MPH) Sean Cook scores
|
|
Batting: RHB Josh Jones
|
0-0: Ball Passed Ball! Nelle van den Berg to third 1-0: Called Strike 1-1: Fly out, F8 (Flyball, 8LXD, EV 91.2 MPH)
|
| Bottom of the 4th over - 1 run, 1 hit, 0 errors, 1 left on base; Colorado 1 - New York 7 |
| TOP OF THE 5TH |
|
Colorado Rockies batting - Pitching for New York Mets : LHP Ryan Price
|
|
Now at C: Fabiano Perrolas
|
|
|
Now at 2B: Jordan Fairburn
|
|
|
Now in LF: Jason Larson
|
|
|
Now in CF: Antonio Aranda
|
|
|
Batting: SHB Chris Besselman
|
0-0: Ball 1-0: Called Strike 1-1: Fly out, F8 (Flyball, 89M, EV 87.5 MPH)
|
|
Pinch Hitting: LHB Steve Gilliam
|
0-0: Ball 1-0: Fly out, F5 (Popup, 56S, EV 75.0 MPH)
|
|
Pinch Hitting: RHB Kevin Tangeman
|
0-0: Ball 1-0: Ball 2-0: Called Strike 2-1: Ball 3-1: Base on Balls
|
|
Batting: RHB Eduardo Camacho
|
0-0: Ball 1-0: Ball 2-0: Ball 3-0: Called Strike 3-1: Base on Balls Kevin Tangeman to second
|
|
Pinch Hitting: SHB Jamie Mims
|
0-0: Foul Ball, location: 2F 0-1: Swinging Strike 0-2: Foul Ball, location: 2F 0-2: Ball 1-2: Fly out, F3 (Popup, 34S, EV 73.1 MPH)
|
| Top of the 5th over - 0 runs, 0 hits, 0 errors, 2 left on base; Colorado 1 - New York 7 |
| BOTTOM OF THE 5TH |
|
New York Mets batting - Pitching for Colorado Rockies : RHP Mike Clark
|
|
Pitching: RHP Jaden Mackey
|
|
|
Now at 2B: Jamie Mims
|
|
|
Now at 3B: Kevin Tangeman
|
|
|
Now in LF: Bi-jun Chien
|
|
|
Now in CF: Steve Gilliam
|
|
|
Now in RF: Andy Bowman
|
|
|
Batting: SHB Luke Robbins
|
0-0: Called Strike 0-1: Ball 1-1: Swinging Strike 1-2: Ball 2-2: Strikes out swinging
|
|
Pinch Hitting: RHB Finn Ross
|
0-0: Swinging Strike 0-1: Ball 1-1: Foul Ball, location: 2F 1-2: Foul Ball, location: 2F 1-2: Ball 2-2: Foul Ball, location: 2F 2-2: Ground out 6-3 (Groundball, 6, EV 76.9 MPH)
|
|
Batting: RHB Antonio Aranda
|
0-0: Swinging Strike 0-1: Ball 1-1: Foul Ball, location: 2F 1-2: Strikes out looking
|
| Bottom of the 5th over - 0 runs, 0 hits, 0 errors, 0 left on base; Colorado 1 - New York 7 |
| TOP OF THE 6TH |
|
Colorado Rockies batting - Pitching for New York Mets : LHP Ryan Price
|
|
Pitching: RHP Casey Cuomo
|
|
|
Now at 1B: Billy Walker
|
|
|
Now in LF: Finn Ross
|
|
|
Batting: SHB Jerry Luckwell
|
0-0: Called Strike 0-1: Ball 1-1: Ball 2-1: Foul Ball, location: 2F 2-2: Ball 3-2: Strikes out swinging
|
|
Batting: LHB Bi-jun Chien
|
0-0: Hit by Pitch
|
|
Pinch Hitting: SHB Eddie Quinones
|
0-0: Called Strike 0-1: Ball 1-1: SINGLE (Line Drive, 8RS, EV 94.4 MPH) Bi-jun Chien to second
|
|
Pinch Hitting: SHB Jon Munoz
|
0-0: Ball 1-0: Ball Bi-jun Chien steals 3rd base Eddie Quinones to second 2-0: Called Strike 2-1: 3-RUN HOME RUN (Flyball, 89XD, EV 114.4 MPH), Distance : 430 ft
|
|
Pitching: RHP Alastair Henry
|
|
|
Batting: LHB Andy Bowman
|
0-0: Called Strike 0-1: Called Strike 0-2: Foul Ball, location: 2F 0-2: Strikes out looking
|
|
Batting: LHB Steve Gilliam
|
0-0: Swinging Strike 0-1: Ball 1-1: Swinging Strike 1-2: Foul Ball, location: 2F 1-2: Foul Ball, location: 2F 1-2: Ball 2-2: Ball 3-2: Base on Balls
|
|
Batting: RHB Kevin Tangeman
|
0-0: Called Strike 0-1: Ball Steve Gilliam is caught stealing 2nd base 2-4
|
| Top of the 6th over - 3 runs, 2 hits, 0 errors, 0 left on base; Colorado 4 - New York 7 |
| BOTTOM OF THE 6TH |
|
New York Mets batting - Pitching for Colorado Rockies : RHP Jaden Mackey
|
|
Pitching: RHP Jim Butler
|
|
|
Now at C: Cesar Breceda
|
|
|
Now at 1B: Eddie Quinones
|
|
|
Now at SS: Jon Munoz
|
|
|
Batting: LHB Fabiano Perrolas
|
0-0: Called Strike 0-1: Swinging Strike 0-2: Foul Ball, location: 2F 0-2: Strikes out swinging
|
|
Batting: RHB Jordan Fairburn
|
0-0: Called Strike 0-1: Foul Ball, location: 2F 0-2: SOLO HOME RUN (Flyball, 7D, EV 109.4 MPH), Distance : 405 ft
|
|
Pinch Hitting: RHB Drtian Thaqi
|
0-0: Swinging Strike 0-1: Foul Ball, location: 2F 0-2: Strikes out swinging
|
|
Batting: SHB Roberto Magne
|
0-0: Ball 1-0: Ball 2-0: Ball 3-0: Called Strike 3-1: Base on Balls
|
|
Batting: SHB Nelle van den Berg
|
0-0: Swinging Strike 0-1: Foul Ball, location: 2F 0-2: Strikes out swinging
|
| Bottom of the 6th over - 1 run, 1 hit, 0 errors, 1 left on base; Colorado 4 - New York 8 |
| TOP OF THE 7TH |
|
Colorado Rockies batting - Pitching for New York Mets : RHP Alastair Henry
|
|
Now in LF: Drtian Thaqi
|
|
|
Now in RF: Finn Ross
|
|
|
Batting: RHB Kevin Tangeman
|
0-0: Foul Ball, location: 2F 0-1: Ball 1-1: Ball 2-1: Fly out, F8 (Flyball, 8RXD, EV 90.6 MPH)
|
|
Batting: RHB Cesar Breceda
|
0-0: Called Strike 0-1: Ball 1-1: Ball 2-1: Called Strike 2-2: Foul Ball, location: 2F 2-2: Strikes out swinging
|
|
Batting: SHB Jamie Mims
|
0-0: Called Strike 0-1: Ball 1-1: Called Strike 1-2: Foul Ball, location: 2F 1-2: SINGLE (Groundball, 34D, EV 98.1 MPH)
|
|
Batting: SHB Jerry Luckwell
|
0-0: Foul Ball, location: 2F 0-1: Called Strike Jamie Mims steals 2nd base 0-2: Strikes out swinging
|
| Top of the 7th over - 0 runs, 1 hit, 0 errors, 1 left on base; Colorado 4 - New York 8 |
| BOTTOM OF THE 7TH |
|
New York Mets batting - Pitching for Colorado Rockies : RHP Jim Butler
|
|
Pitching: RHP Gabe Stokes
|
|
|
Batting: RHB Billy Walker
|
0-0: Swinging Strike 0-1: Ball 1-1: Ground out 6-3 (Groundball, 6, EV 81.2 MPH)
|
|
Batting: SHB Luke Robbins
|
0-0: Ball 1-0: Ball 2-0: DOUBLE (Line Drive, 5D, EV 100.0 MPH)
|
|
Batting: RHB Finn Ross
|
0-0: Ball 1-0: Ball 2-0: Called Strike 2-1: Fly out, F4 (Popup, 4, EV 56.9 MPH)
|
|
Batting: RHB Antonio Aranda
|
0-0: Ball 1-0: Swinging Strike 1-1: Foul Ball, location: 2F 1-2: Strikes out swinging
|
| Bottom of the 7th over - 0 runs, 1 hit, 0 errors, 1 left on base; Colorado 4 - New York 8 |
| TOP OF THE 8TH |
|
Colorado Rockies batting - Pitching for New York Mets : RHP Alastair Henry
|
|
Pitching: RHP Hugo Valentin
|
|
|
Batting: LHB Bi-jun Chien
|
0-0: Swinging Strike 0-1: Foul Ball, location: 2F 0-2: Ball 1-2: Foul Ball, location: 2F 1-2: Ground out 4-3 (Groundball, 4, EV 83.8 MPH)
|
|
Batting: SHB Eddie Quinones
|
0-0: Ball 1-0: Foul Ball, location: 2F 1-1: Foul Ball, location: 2F 1-2: Foul Ball, location: 2F 1-2: Strikes out swinging
|
|
Batting: SHB Jon Munoz
|
0-0: Called Strike 0-1: Swinging Strike 0-2: Ball 1-2: Ball 2-2: SINGLE (Line Drive, 4MD, EV 105.6 MPH)
|
|
Batting: LHB Andy Bowman
|
0-0: Called Strike 0-1: Swinging Strike 0-2: Ball 1-2: Strikes out looking
|
| Top of the 8th over - 0 runs, 1 hit, 0 errors, 1 left on base; Colorado 4 - New York 8 |
| BOTTOM OF THE 8TH |
|
New York Mets batting - Pitching for Colorado Rockies : RHP Gabe Stokes
|
|
Pitching: RHP Tony Campos
|
|
|
Batting: LHB Fabiano Perrolas
|
0-0: Called Strike 0-1: Ball 1-1: Swinging Strike 1-2: Ball 2-2: Ball 3-2: Base on Balls
|
|
Batting: RHB Jordan Fairburn
|
0-0: Swinging Strike 0-1: Sac Bunt to 25 - play at first, batter OUT! 5-3 Fabiano Perrolas to second
|
|
Batting: RHB Drtian Thaqi
|
0-0: Ball 1-0: Foul Ball, location: 2F 1-1: Foul Ball, location: 2F 1-2: Foul Ball, location: 2F 1-2: Strikes out swinging
|
|
Batting: SHB Roberto Magne
|
0-0: Called Strike 0-1: Ball 1-1: Swinging Strike 1-2: Strikes out swinging
|
| Bottom of the 8th over - 0 runs, 0 hits, 0 errors, 1 left on base; Colorado 4 - New York 8 |
| TOP OF THE 9TH |
|
Colorado Rockies batting - Pitching for New York Mets : RHP Hugo Valentin
|
|
Pitching: RHP Justin Overlie
|
|
|
Pinch Hitting: LHB Shawn Morrison
|
0-0: Ball 1-0: Fly out, F8 (Flyball, 8RD, EV 98.8 MPH)
|
|
Pinch Hitting: SHB Andy Vivas
|
0-0: Called Strike 0-1: Foul Ball, location: 2F 0-2: Strikes out swinging
|
|
Batting: RHB Cesar Breceda
|
0-0: Foul Ball, location: 2F 0-1: Foul Ball, location: 2F 0-2: Ball 1-2: Ball 2-2: Fly out, F7 (Flyball, 7S, EV 82.5 MPH)
|
| Top of the 9th over - 0 runs, 0 hits, 0 errors, 0 left on base; Colorado 4 - New York 8 |
|